Map: Newkirk Precinct TE (Void)

Players

Meno

  • Race: Terran Terran
  • Spawn Location: 7:00

Fropez - Winner!

  • Race: Protoss Protoss
  • League: Gold
  • Spawn Location: 5:00

VOD

Have the link to the VOD?

Description

Time

  • Played on: Jan. 1, 2017, 1:33 a.m.
  • Length: 12:50
Show
View Real Time Build Order
Export as new Build Order

Meno Terran 

Build Orders:  

Get SALT Encoding   

  12  0:02  SCV  
  13  0:14  SCV  
  13  0:20  Supply Depot  
  14  0:27  Refinery  
  14  0:29  SCV  
  15  0:41  SCV  
  15  0:42  Refinery  
  16  0:54  Barracks  
  16  1:00  SCV  
  17  1:12  SCV  
  18  1:25  SCV  
  19  1:41  Supply Depot  
  19  1:50  Factory  
  19  1:53  Orbital Command  
  19  1:57  Marine  
  20  2:34  Starport  
  20  2:37  Factory Tech Lab  
  20  2:40  Armory  
  20  2:47  SCV  
  21  2:59  SCV  
  21  3:01  Marine  
  23  3:11  SCV  
  24  3:14  Supply Depot  
  24  3:16  Medivac  
  24  3:19  Marine  
  27  3:35  Thor  
  33  3:43  Supply Depot  
  33  3:44  Marine  
  33  3:47  Medivac  
  36  3:59  Supply Depot  
  36  4:02  Marine  
  37  4:20  Marine  
  38  4:38  Siege Tank  
  41  4:46  SCV, Engineering Bay  
  41  4:50  Starport Reactor  
  42  5:40  Thor  
  48  6:01  Command Center  
  48  6:08  Factory  
  48  6:21  Starport  
  48  6:24  Starport  
  48  6:35  Liberator  
  48  6:45  Thor  
  54  6:50  Terran Vehicle Weapons Level 1  
  57  6:58  Missile Turret  
  56  7:12  Missile Turret  
  56  7:21  Refinery  
  56  7:23  Liberator  
  56  7:29  Refinery  
  56  7:33  Factory Tech Lab  
  56  7:35  Starport Tech Lab  
  56  7:36  Starport Reactor  
  59  7:47  Orbital Command  
  59  7:50  SCV  
  66  8:16  Siege Tank  
  66  8:19  Marine  
  64  8:26  SCV x2  
  66  8:37  Marine  
  66  8:38  SCV  
  68  8:55  Marine  
  69  9:07  Siege Tank x2  
  55  10:21  Banshee  
  55  10:25  Medivac  
  55  10:26  Medivac x2  
  64  10:28  Marine  
  64  10:32  Thor  
  71  10:46  Marine  
  72  11:00  Barracks  
  72  11:01  Barracks  
  72  11:02  Barracks  
  72  11:06  Barracks  
  72  11:18  Banshee  
  72  11:22  Medivac  
  72  11:24  Barracks Tech Lab  
  77  11:44  Supply Depot  
  77  11:45  Supply Depot  
  77  11:46  Supply Depot  
  77  11:49  Missile Turret  
  77  11:55  Missile Turret  
  77  11:56  Medivac  
  77  11:59  Missile Turret  
Show
View Real Time Build Order
Export as new Build Order

Fropez Protoss - Winner!

Build Orders: 1 Gate Expand 

Get SALT Encoding   

  12  0:01  Probe (Chrono Boost)  
  13  0:11  Probe (Chrono Boost)  
  14  0:17  Pylon  
  14  0:29  Probe (Chrono Boost)  
  15  0:37  Gateway  
  15  0:39  Probe (Chrono Boost)  
  16  0:50  Probe (Chrono Boost)  
  17  1:02  Probe (Chrono Boost)  
  18  1:05  Assimilator  
  18  1:13  Probe (Chrono Boost)  
  19  1:19  Assimilator  
  19  1:23  Probe (Chrono Boost)  
  20  1:30  Nexus  
  20  1:34  Probe (Chrono Boost)  
  20  1:37  Pylon  
  21  1:44  Probe (Chrono Boost)  
  21  1:46  Assimilator  
  22  2:00  Pylon  
  22  2:06  Forge  
  21  2:18  Probe (Chrono Boost)  
  22  2:29  Gateway  
  22  2:32  Protoss Ground Weapons Level 1  
  22  2:35  Probe (Chrono Boost)  
  23  2:39  Pylon  
  23  2:45  Probe (Chrono Boost)  
  23  2:51  Probe (Chrono Boost), Cybernetics Core  
  25  3:13  Warp Gate  
  25  3:15  Probe (Chrono Boost)  
  25  3:17  Probe (Chrono Boost)  
  27  3:25  Pylon  
  27  3:26  Probe (Chrono Boost)  
  28  3:28  Adept x2  
  28  3:29  Probe (Chrono Boost)  
  33  3:36  Assimilator  
  33  3:40  Mothership Core (Chrono Boost)  
  33  3:41  Probe (Chrono Boost)  
  36  3:46  Gateway  
  36  3:53  Probe (Chrono Boost)  
  36  3:55  Adept x2  
  41  4:06  Probe (Chrono Boost)  
  41  4:07  Probe (Chrono Boost)  
  43  4:11  Gateway  
  44  4:18  Probe (Chrono Boost)  
  44  4:19  Probe (Chrono Boost)  
  44  4:20  Pylon  
  45  4:31  Probe (Chrono Boost)  
  47  4:33  Adept x2  
  47  4:37  Adept  
  52  4:48  Probe (Chrono Boost)  
  52  4:49  Twilight Council  
  53  5:02  Twilight Council  
  53  5:03  Probe x2 (Chrono Boost)  
  53  5:27  Probe x2 (Chrono Boost), Blink  
  55  5:31  Stalker x3  
  61  5:39  Probe (Chrono Boost)  
  62  5:49  Resonating Glaives  
  64  5:51  Probe x2 (Chrono Boost)  
  64  5:52  Protoss Ground Weapons Level 2  
  64  6:17  Probe x2 (Chrono Boost)  
  66  6:21  Assimilator  
  66  6:29  Probe (Chrono Boost)  
  67  6:35  Nexus  
  67  6:38  Pylon  
  67  6:46  Probe x2 (Chrono Boost)  
  69  6:52  Pylon  
  69  6:56  Pylon  
  61  7:15  Dark Shrine, Stalker x2  
  61  7:16  Stalker x2  
  61  7:17  Gateway  
  61  7:20  Pylon, Gateway  
  67  7:31  Probe (Chrono Boost)  
  67  7:32  Probe (Chrono Boost)  
  69  7:40  Stalker x4  
  77  8:01  Protoss Ground Weapons Level 3  
  77  8:03  Probe x2 (Chrono Boost), Robotics Facility  
  79  8:09  Pylon, Stalker x4  
  87  8:15  Probe x2 (Chrono Boost)  
  89  8:28  Assimilator  
  89  8:32  Assimilator  
  89  8:34  Pylon  
  89  8:37  Photon Cannon  
  89  8:48  Dark Templar  
  89  8:49  Dark Templar x4  
  89  8:50  Warp Prism  
  101  8:58  Stalker  
  105  9:03  Probe (Chrono Boost)  
  105  9:04  Probe x2 (Chrono Boost)  
  106  9:10  Gateway  
  106  9:13  Probe (Chrono Boost), Templar Archives  
  107  9:26  Observer  
  107  9:31  Stalker x5  
  110  9:50  Stalker  
  106  9:56  Stalker x3  
  106  9:57  Stalker x2  
  108  10:23  Protoss Ground Armor Level 1  
  108  10:25  Gateway  
  108  10:38  Nexus  
  108  10:51  Dark Templar x4  
  116  11:16  Observer  
  116  11:20  Gateway  
  116  11:22  Gateway  
  116  11:24  Gateway  
  116  11:26  Gateway  
  116  11:33  Stalker x2  
  116  11:34  Stalker x2  
  116  11:37  Observer  
  91  12:10  Dark Templar x2  
  91  12:11  Dark Templar x5  
Tags
 
Add a new tag
Caveats
  • Supply blocks, unpowered buildings, or Contaminate may cause inaccurate times.
  • Supply counts are checked every 10 seconds.